 Dungeon Crawl Stone Soup version 0.29-a0-234-g0dae59b3db (webtiles) character file.

Game seed: 14812450934116848628

23 Hubjo the Sneak (level 2, -2/21 HPs)
             Began as a Vampire Enchanter on Mar 2, 2022.
             Was a Follower of Cheibriados.
             Slain by an iron imp (10 damage)
             ... summoned by Natasha
             ... on level 2 of the Dungeon.
             The game lasted 00:00:51 (351 turns).

Hubjo the Sneak (Vampire Enchanter)                  Turns: 351, Time: 00:00:52

Health: -2/21      AC:  2    Str: 10    XL:     2   Next: 72%
Magic:  2/5        EV: 13    Int: 20    God:    Cheibriados [*.....]
Gold:   0          SH:  0    Dex: 17    Spells: 5/5 levels left

rFire   . . .      SeeInvis +   a - +1 dagger
rCold   . . .      Faith    .   (no shield)
rNeg    . . .      Spirit   .   b - +0 robe
rPois   .          Reflect  .   (no helmet)
rElec   .          Harm     .   (no cloak)
rCorr   .          Rampage  .   (no gloves)
Will    .....                   (no boots)
Stlth   +++.......              (no amulet)
HPRegen 0.27/turn               (no ring)
MPRegen 0.09/turn               (no ring)

@: healing quickly, very slow
A: alive, fangs 3, see invisible, vampiric 1
a: Exsanguinate, Renounce Religion, Bend Time


You were on level 2 of the Dungeon.
You worshipped Cheibriados.
Cheibriados was aware of your devotion.
You visited 1 branch of the dungeon, and saw 2 of its levels.

Inventory:

Hand Weapons
 a - a +1 dagger (weapon)
Armour
 b - a +0 robe (worn)
Jewellery
 e - a +4 ring of evasion
Scrolls
 d - 3 scrolls of fog {unknown}
 g - 2 scrolls of enchant armour {unknown}
Potions
 c - a potion of invisibility
 f - a potion of brilliance {unknown}
 h - 2 potions of might {unknown}


   Skills:
 * Level 1.1 Fighting
 + Level 1.4 Short Blades
 + Level 2.4 Dodging
 * Level 4.9 Stealth
 - Level 2.0 Spellcasting
 + Level 4.6 Hexes


You had 5 spell levels left.
You didn't know any spells.
Your spell library contained the following spells:

 Spells                   Type           Power      Damage    Failure   Level
 Confusing Touch          Hex            20%        N/A       7%          3
 Tukima's Dance           Hex            20%        N/A       7%          3
 Ensorcelled Hibernation  Hex/Ice        22%        N/A       10%         2
 Dazzling Flash           Conj/Hex       22%        N/A       19%         3


Dungeon Overview and Level Annotations

Branches:
Dungeon (2/15)

Altars:
Cheibriados
Zin

Annotations:
D:2 Natasha


Innate Abilities, Weirdness & Mutations

Your natural rate of healing is accelerated.
You have razor-sharp teeth.
You have supernaturally acute eyesight. (SInv)
You are afflicted with vampirism.


Message History

Natasha mumbles some strange words.
You hit Natasha but do no damage.
Natasha is moderately wounded.
The frilled lizard closely misses you.
Natasha extends her claws.
Natasha casts a spell.
You hit Natasha.
Natasha is moderately wounded.
The frilled lizard barely misses you. Natasha closely misses you.
You hit Natasha.
Natasha is moderately wounded.
The crimson imp barely misses you. The iron imp hits you.
The frilled lizard misses you.
Natasha mumbles some strange words.
Natasha shimmers violently.
Natasha closely misses you. The flow of time bends around you.
Cheibriados rebukes the crimson imp.
The crimson imp seems to slow down.
Cheibriados rebukes Natasha.
Natasha seems to slow down.
The iron imp resists with some effort.
Cheibriados rebukes the frilled lizard.
The frilled lizard seems to slow down.
The crimson imp closely misses you. The iron imp barely misses you.
The frilled lizard closely misses you.
You hit Natasha but do no damage.
Natasha is moderately wounded.
Natasha claws you. The iron imp barely misses you.
The crimson imp closely misses you.
You are too injured to fight recklessly!
You are too injured to fight recklessly!
You are too injured to fight recklessly!
You are too injured to fight recklessly!
You are too injured to fight recklessly!
You hit the crimson imp.
The crimson imp is moderately wounded.
The frilled lizard bites you. Natasha closely misses you.
You hit the crimson imp.
The crimson imp is heavily wounded.
The iron imp hits you!
You die...

..... .... #.# .....
...... ..._..##
.####..#.. ........
.........#### ..[.....
............# .##.#.....
............##.##.......
#...5l....##.###......
#<.h@....#.......##.#
#####5#......#.......
###........#.......
#..................
#.####.....#....... ...
##...##....... ...#
#.#.##....... ...
#.#.......... ..
#..##........


You could see an iron imp (summoned), Natasha (slow), a crimson imp (summoned,
slow) and a frilled lizard (slow).

Vanquished Creatures
  2 dart slugs (D:1)
  An endoplasm (D:1)
  2 giant cockroaches (D:1)
  3 goblins (D:1)
  A hobgoblin (D:1)
  2 jackals (D:1)
  A quokka (D:1)
  2 ball pythons
  3 rats
17 creatures vanquished.

Notes
Turn   | Place    | Note
-------+----------+-------------------------------------------
     0 | D:1      | Hubjo the Vampire Enchanter began the quest for the Orb.
     0 | D:1      | Reached XP level 1. HP: 13/13 MP: 3/3
    96 | D:1      | Reached XP level 2. HP: 20/20 MP: 5/5
   114 | D:1      | Found a faded altar of an unknown god.
   133 | D:1      | Prayed at the altar of an unknown god.
   133 | D:1      | Became a worshipper of Cheibriados the Contemplative
   133 | D:1      | Reached * piety under Cheibriados
   278 | D:1      | Reached skill level 1 in Fighting
   310 | D:1      | You fall into a shaft and drop 1 floor!
   337 | D:2      | Noticed Natasha
   345 | D:2      | Noticed a crimson imp
   351 | D:2      | Slain by an iron imp

Illustrated notes

Levels and vault maps discovered:
D:1:      lemuel_arrival_room, layout_basic,
          hellmonk_ecumenical_altar_dog_temple
D:2:      layout_rooms, basic_altar, minmay_misc_feat_encased,
          uniq_crazy_yiuf_cottage, uniq_sigmund, uniq_natasha

Skill      XL: |  1  2 |
---------------+-------+-----
Fighting       | 1 |  1.1
Short Blades   | |  1.4
Dodging        | |  2.4
Stealth        | |  4.9
Spellcasting   | |  2.0
Hexes          | |  4.6

Action                   || total
-------------------------++-------
Melee: Dagger            ||    68
       Bite              ||     8
Invok: Bend Time         ||     1
 Stab: Sleeping          ||     3
Armor: Robe              ||     8
Dodge: Dodged            ||    65

Table legend: (Time is in decaauts)
 A = Elapsed time spent in this place.
 B = Non-inter-level travel time spent in this place.
 C = Inter-level travel time spent in this place.
 D = Time resting spent in this place.
 E = Time spent auto-exploring this place.
 F = Levels seen in this place.
 G = Mean time per level.
                   A        B        C        D        E       F      G
               +--------+--------+--------+--------+--------+-----+--------+
         Total |    406 |    404 |      2 |      0 |    259 |   2 |  203.0 |
       Dungeon |    406 |    404 |      2 |      0 |    259 |   2 |  203.0 |
               +--------+--------+--------+--------+--------+-----+--------+

Top non-repeatable levels by time:
     D:1: 355 daAuts
     D:2: 50 daAuts
